 Dungeon Crawl Stone Soup version 0.24.0-13-gcf9b319 (webtiles) character file.

Game seed: 10646160108432756191, levelgen mode: deterministic

6420 Econoterrorist the Carver (level 10, -1/129 HPs)
             Began as a Minotaur Fighter on Apr 6, 2020.
             Was a Priest of Okawaru.
             Slain by Platt's ghost (20 damage)
             ... on level 9 of the Dungeon.
             The game lasted 00:30:54 (10018 turns).

Econoterrorist the Carver (Minotaur Fighter)       Turns: 10018, Time: 00:30:54

Health: -1/129     AC: 10    Str: 25    XL:     10   Next: 66%
Magic:  8/9        EV: 11    Int: 14    God:    Okawaru [***...]
Gold:   677        SH: 11    Dex: 14    Spells: 9/9 levels left

rFire    . . .     SeeInvis +   M - +0 scimitar
rCold    . . .     Gourm    .   c - +0 shield
rNeg     + + .     Faith    .   b - +0 ring mail of Cuullily {Int+4 SInv} (curse)
rPois    .         Spirit   .   F - +2 hat
rElec    .         Reflect  .   n - scarf {repulsion}
rCorr    .         Harm     .   (no gloves)
MR       .....                  H - +0 pair of boots
Stlth    ..........             o - amulet "Winuczyz" {+Rage rN+ Dex+3}
HPRegen  0.31/turn              D - +2 ring of intelligence
MPRegen  0.11/turn              u - ring of positive energy

@: berserking, repel missiles, very quick
A: retaliatory headbutt, horns 2
a: Heroism, Renounce Religion, Evoke Berserk Rage


You were on level 9 of the Dungeon.
You worshipped Okawaru.
Okawaru was most pleased with you.
You were not hungry.

You visited 1 branch of the dungeon, and saw 9 of its levels.

You collected 677 gold pieces.

Inventory:

Hand Weapons
 M - a +0 scimitar (weapon)
Missiles
 q - 3 throwing nets (quivered)
Armour
 b - the cursed +0 ring mail of Cuullily (worn) {Int+4 SInv}
   (You found it on level 6 of the Dungeon)

   It affects your intelligence (+4).
   It lets you see invisible.
   It has a curse placed upon it.
 c - a +0 shield (worn)
 n - a scarf of repulsion (worn)
 F - a +2 hat (worn)
 H - a +0 pair of boots (worn)
Jewellery
 i - an uncursed amulet of guardian spirit
 o - the amulet "Winuczyz" (around neck) {+Rage rN+ Dex+3}
   (You found it on level 4 of the Dungeon)

   [amulet of rage]

   It affects your dexterity (+3).
   It protects you from negative energy.
   It lets you go berserk.
 u - a ring of positive energy (right hand)
 D - a +2 ring of intelligence (left hand)
Wands
 r - a wand of flame (18)
 x - a wand of acid (15)
 A - a wand of polymorph (7)
 J - a wand of disintegration (13)
 K - a wand of iceblast (9)
Scrolls
 g - 7 scrolls of identify
 j - 6 scrolls of remove curse
 k - 6 scrolls of amnesia {unknown}
 p - 2 scrolls of enchant weapon {unknown}
 s - a scroll of noise {unknown}
 y - 3 scrolls of teleportation {unknown}
 z - 2 scrolls of fear {unknown}
 B - 2 scrolls of enchant armour {unknown}
 E - 2 scrolls of magic mapping {unknown}
 I - a scroll of blinking {unknown}
Potions
 d - a potion of might
 e - 2 potions of flight {unknown}
 l - a potion of magic {unknown}
 m - a potion of berserk rage
 t - 3 potions of lignification {unknown}
 v - 4 potions of curing {unknown}
 w - a potion of agility
 C - a potion of degeneration {unknown}
 G - a potion of brilliance {unknown}
Comestibles
 f - 6 rations


   Skills:
 + Level 7.4 Fighting
 - Level 14.7 Long Blades
 + Level 7.3 Armour
 * Level 3.7 Dodging
 + Level 7.4 Shields


You had 9 spell levels left.
You didn't know any spells.
Your spell library contained the following spells:

 Spells                   Type           Power        Failure   Level  Hunger
 Animate Skeleton         Necr           N/A          73%         1    ##.....
 Apportation              Tloc           #.....       73%         1    ##.....
 Confusing Touch          Hex            #.....       73%         1    ##.....
 Summon Small Mammal      Summ           #...         73%         1    ##.....
 Confuse                  Hex            #.......     97%         3    ####...
 Gell's Gravitas          Tloc           #.........   97%         3    ####...
 Petrify                  Tmut/Erth      #.......     100%        4    #####..
 Metabolic Englaciation   Hex/Ice        #.........   100%        5    ######.
 Yara's Violent Unravell  Hex/Tmut       #.........   100%        5    ######.


Dungeon Overview and Level Annotations

Branches:
Dungeon (9/15)             Temple (0/1) D:7
   Lair: D:8-11         Orc: D:9-12

Altars:
Cheibriados
Elyvilon
Gozag
Hepliaklqana
Kikubaaqudgha
Nemelex Xobeh
Okawaru
Qazlal
Ru
Trog
Vehumet
Xom
Yredelemnul
The Shining One

Annotations:
D:8 exclusion: ice statue
D:9 Platt's ghost, journeyman HOFi


Innate Abilities, Weirdness & Mutations

You reflexively headbutt those who attack you in melee.
You have a pair of horns on your head.


Message History

Platt's ghost is moderately damaged.
You feel like a meek peon again. Platt's ghost hits you!!
* * * LOW HITPOINT WARNING * * *
You slash Platt's ghost! You headbutt Platt's ghost.
Platt's ghost is heavily damaged.
Platt's ghost hits you!
* * * LOW HITPOINT WARNING * * *
A red film seems to cover your vision as you go berserk!
You feel yourself moving faster!
You feel mighty! You block Platt's ghost's attack.
You slash Platt's ghost!
Platt's ghost is heavily damaged.
You hit Platt's ghost.
You headbutt Platt's ghost, but do no damage.
Platt's ghost is heavily damaged.
You hit Platt's ghost.
Platt's ghost is severely damaged.
Platt's ghost hits you!!
You die...

####### ##.....##
##.......##
##.........#######
#...........#....###
................@..#
..............##W###
..............#$_.#
..............##.##
.......≈≈≈≈≈...###
.......≈≈≈≈≈.....
.......≈≈≈≈≈......
.......≈≈≈≈≈......
.......≈≈≈≈≈......


You could see Platt's ghost.

Vanquished Creatures
  A dancing weapon (D:9)
  A two-headed ogre (D:8)
  Sigmund (D:5)
  A wyvern (D:8)
  Menkaure (D:7)
  A water moccasin (D:6)
  A black bear (D:7)
  A sky beast (D:7)
  A necrophage (D:7)
  2 orc warriors
  3 centaurs
  2 ogres (D:8)
  A crocodile (D:8)
  14 big kobolds
  5 bullfrogs
  A gnoll sergeant (D:8)
  2 scorpions
  A wyvern skeleton (D:9)
  4 electric eels (D:9)
  A howler monkey (D:3)
  4 crimson imps
  3 centaur zombies
  A centaur skeleton (D:6)
  7 hounds
  3 jellies
  11 orc priests
  12 orc wizards
  2 bullfrog skeletons (D:5)
  3 worker ants
  Terence (D:3)
  2 iguanas
  Ijyb (D:3)
  A killer bee zombie (D:7)
  A worker ant zombie (D:8)
  Robin (D:4)
  13 gnolls
  A howler monkey skeleton (D:4)
  9 adders
  4 shadow imps
  An ooze (D:5)
  3 adder zombies
  4 worms
  2 dart slugs (D:3)
  7 leopard geckos
  39 orcs
  6 giant cockroaches
  13 goblins
  14 hobgoblins
  3 jackals (D:9)
  94 kobolds
  A quokka (D:2)
  6 bats
  6 frilled lizards
  A jackal skeleton (D:7)
  A jackal zombie (D:5)
  A leopard gecko zombie (D:5)
  A quokka zombie (D:8)
  14 rats
  2 plants (D:4)
344 creatures vanquished.

Vanquished Creatures (others)
  A human (D:5)
1 creature vanquished.

Grand Total: 345 creatures vanquished

Notes
Turn   | Place    | Note
-------+----------+-------------------------------------------
     0 | D:1      | Econoterrorist the Minotaur Fighter began the quest for the
                  | Orb.
     0 | D:1      | Reached XP level 1. HP: 19/19 MP: 0/0
   124 | D:1      | Reached skill level 3 in Long Blades
   222 | D:1      | Reached XP level 2. HP: 26/26 MP: 1/1
   623 | D:2      | Reached skill level 4 in Long Blades
   683 | D:2      | Reached XP level 3. HP: 26/31 MP: 0/2
   917 | D:2      | Found a faded altar of an unknown god.
  1236 | D:2      | Reached skill level 5 in Long Blades
  1250 | D:2      | Found a stormy altar of Qazlal.
  1390 | D:3      | Reached XP level 4. HP: 23/39 MP: 1/3
  1605 | D:3      | Noticed Terence
  1648 | D:3      | Killed Terence
  1648 | D:3      | Reached skill level 6 in Long Blades
  1696 | D:3      | Noticed a big kobold
  1697 | D:3      | Noticed a big kobold
  1719 | D:3      | Killed a big kobold
  1719 | D:3      | Reached skill level 7 in Long Blades
  1719 | D:3      | Reached XP level 5. HP: 14/45 MP: 4/4
  2102 | D:3      | Reached XP level 6. HP: 40/51 MP: 3/5
  2255 | D:2      | Reached skill level 8 in Long Blades
  2885 | D:3      | Reached skill level 9 in Long Blades
  2885 | D:3      | Reached XP level 7. HP: 57/57 MP: 6/6
  3154 | D:3      | Noticed Ijyb
  3163 | D:3      | Killed Ijyb
  3163 | D:3      | Reached skill level 10 in Long Blades
  3788 | D:4      | Reached skill level 11 in Long Blades
  3802 | D:4      | Reached XP level 8. HP: 44/66 MP: 4/7
  3938 | D:4      | Noticed Robin
  3947 | D:4      | Killed Robin
  4164 | D:4      | Got a heavily runed lead amulet
  4167 | D:4      | Identified the amulet "Winuczyz" {+Rage rN+ Dex+3} (You
                  | found it on level 4 of the Dungeon)
  4656 | D:5      | Entered Level 5 of the Dungeon
  4735 | D:5      | Reached skill level 5 in Fighting
  4735 | D:5      | Reached skill level 5 in Armour
  4735 | D:5      | Reached skill level 5 in Shields
  4889 | D:5      | Noticed Sigmund
  4907 | D:5      | Killed Sigmund
  5133 | D:5      | Found an ancient bone altar of Kikubaaqudgha.
  5426 | D:5      | Reached XP level 9. HP: 75/75 MP: 8/8
  5544 | D:6      | Found a white marble altar of Elyvilon.
  5544 | D:6      | Found an iron altar of Okawaru.
  5550 | D:6      | Found an opulent altar of Gozag.
  5550 | D:6      | Found a sacrificial altar of Ru.
  5550 | D:6      | Found a glowing golden altar of the Shining One.
  5551 | D:6      | Found a snail-covered altar of Cheibriados.
  5555 | D:6      | Became a worshipper of Warmaster Okawaru
  6509 | D:6      | Got a dazzling ring mail
  6510 | D:6      | Identified the cursed +0 ring mail of Cuullily {Int+4 SInv}
                  | (You found it on level 6 of the Dungeon)
  6564 | D:7      | Reached skill level 12 in Long Blades
  6590 | D:7      | Reached * piety under Okawaru
  6599 | D:7      | Found a sparkling altar of Nemelex Xobeh.
  7185 | D:7      | Noticed a moth of wrath
  7186 | D:7      | Noticed Menkaure
  7208 | D:7      | Killed Menkaure
  7208 | D:7      | Reached skill level 13 in Long Blades
  7381 | D:7      | Found a bloodstained altar of Trog.
  7536 | D:7      | Found a radiant altar of Vehumet.
  7571 | D:7      | Found a staircase to the Ecumenical Temple.
  7820 | D:7      | Found a basalt altar of Yredelemnul.
  7974 | D:8      | Noticed an ice statue
  8070 | D:8      | Reached ** piety under Okawaru
  8108 | D:8      | Reached XP level 10. HP: 53/83 MP: 9/9
  8430 | D:8      | Found a hazy altar of Hepliaklqana.
  8456 | D:8      | Noticed a two-headed ogre
  8463 | D:8      | HP: 2/83 [two-headed ogre/+0 giant club (19)]
  8467 | D:8      | Killed a two-headed ogre
  8467 | D:8      | Reached skill level 14 in Long Blades
  8980 | D:8      | Reached skill level 1 in Dodging
  9198 | D:9      | Reached *** piety under Okawaru
  9993 | D:9      | Found a runed translucent door.
  9997 | D:9      | Found a shimmering altar of Xom.
  9997 | D:9      | Noticed Platt's ghost (journeyman HOFi)
  9998 | D:9      | Found the +6 shillelagh "Devastator" {shatter}
  9998 | D:9      | Noticed a +0 long sword of chaos
 10009 | D:9      | Killed a +0 long sword of chaos
 10018 | D:9      | Slain by Platt's ghost

Levels and vault maps discovered:
D:1:      tarquinn_simple_flora_water_c, layout_loops_ring
D:2:      layout_loops_cross, marbit_many_paths,
          chequers_ecumenical_altar_simple_redux
D:3:      minmay_goblin_kobold_castle, layout_rooms, kennysheep_generic_room_6,
          uniq_ijyb, uniq_terence
D:4:      kennysheep_kobold_camp, layout_loops_ring, uniq_robin
D:5:      layout_rooms, first_ration, tgw_kikubaaqudgha, uniq_sigmund
D:6:      layout_rooms, grunt_temple_overflow_open
D:7:      layout_rooms, lemuel_coloured_pillars_altar, tgw_trog,
          nemelex_xobeh_ov_fountains_minmay, kennysheep_mini,
          minmay_temple_entry_nine_rooms, uniq_menkaure
D:8:      lemuel_ice_statue, layout_rooms, lemuel_round_altar,
          chequers_serial_rivers_room_b
D:9:      layout_big_octagon, ebering_ghost_xom, evilmike_butchery

Skill      XL: |  1  2  3  4  5  6  7  8  9 10 |
---------------+-------------------------------+-----
Long Blades    | 3 4 5 7 9 11 13 14 | 14.7
Fighting       | 6 7 |  7.4
Armour         | 5 6 7 |  7.3
Shields        | 6 7 |  7.4
Dodging        | 3 |  3.7

Action                   |  1- 3 |  4- 6 |  7- 9 | 10-12 || total
-------------------------+-------+-------+-------+-------++-------
Melee: Long sword        |   113 |   147 |   638 |   117 ||  1015
       Headbutt          |     9 |    21 |   131 |    41 ||   202
       Scimitar          |       |       |       |    68 ||    68
Invok: Heroism           |       |       |       |     1 ||     1
  Use: Scroll            |       |     1 |     5 |       ||     6
       Potion            |       |     1 |       |     3 ||     4
  Eat: Chunk             |     2 |     5 |    15 |     5 ||    27
       Ration            |       |       |     1 |       ||     1
Armor: Scale mail        |    45 |    91 |    68 |       ||   204
       Chain mail        |       |       |    81 |       ||    81
       Ring mail         |       |       |    32 |    40 ||    72
Dodge: Dodged            |    24 |    67 |   138 |    47 ||   276
       Deflected         |       |    10 |    11 |    13 ||    34
Block: Shield            |    70 |    89 |   272 |    81 ||   512
       Rpst.: Long sword |     5 |    14 |    43 |     8 ||    70
       Scimitar          |       |       |       |     5 ||     5
